General information
- name: BNet
- type: Ladder team game (AT/RT)
- host: Battle.net
- saver: 8===D~~^0^urmom
map: TwilightRuins
- players: 8
- length: 31:49
- speed: Fast
- version: 1.28 W3XP
- replay type: Public
» download(226 KB)
Players
team 1 (winner)

»
The-Harbinger7 (
pink | 34 APM | 1071 actions | 31:06)
6 Blademaster
3 Wind Walk
2 Critical Strike
1 Bladestorm
3 Shadow Hunter
1 Hex
2 Healing Wave
» actions
| Assign group hotkey | 14 | |
| Basic commands | 113 | |
| Build / train | 91 | |
| Enter build submenu | 19 | |
| Enter hero's abilities submenu | 9 | |
| Give item / drop item | 2 | |
| Remove unit from queue | 5 | |
| Right click | 384 | |
| Select / deselect | 304 | |
| Select group hotkey | 58 | |
| Use ability | 72 | |
1071 total
» units
| Peon | 14 | |
| Grunt | 7 | |
| Shaman | 8 | |
| Tauren | 3 | |
| Troll Headhunter/Berserker | 10 | |
| Spirit Walker | 2 | |
44 total
» upgrades
| Pillage | 1 | |
| Melee Weapons | 2 | |
| Armor | 3 | |
| Berserker Strength | 1 | |
| Shaman Training | 2 | |
| Pulverize | 1 | |
| Berserker Upgrade | 1 | |
| Ranged Weapons | 3 | |
| Reinforced Defenses | 1 | |
| Spirit Walker Training | 2 | |
| Burning Oil | 1 | |
18 total
» buildings
| Orc Burrow | 8 | |
| Altar of Storms | 1 | |
| Barracks | 1 | |
| Voodoo Lounge | 1 | |
| Great Hall | 3 | |
| Stronghold | 1 | |
| War Mill | 1 | |
| Fortress | 1 | |
| Spirit Lodge | 2 | |
| Tauren Totem | 2 | |
21 total
» build order
00:26 Orc Burrow
00:43 Altar of Storms
00:56 Barracks
01:51 Orc Burrow
02:05 Voodoo Lounge
02:48 Orc Burrow
03:29 Orc Burrow
04:56 Great Hall
05:20 Stronghold
05:50 War Mill
07:44 Fortress
09:09 Spirit Lodge
09:13 Spirit Lodge
11:17 Tauren Totem
11:21 Tauren Totem
12:43 Orc Burrow
14:25 Orc Burrow
16:17 Great Hall
17:18 Orc Burrow
24:37 Great Hall
27:24 Orc Burrow
» items
| Healing Salve | 5 | |
| Scroll of Town Portal | 5 | |
| Orb of Lightning | 1 | |
11 total
Moo (
red | 83 APM | 2412 actions | 29:13)
5 Death Knight
2 Death Coil
3 Unholy Aura
4 Dreadlord
2 Sleep
2 Vampiric Aura
» actions
| Assign group hotkey | 95 | |
| Basic commands | 57 | |
| Build / train | 109 | |
| ESC pressed | 26 | |
| Enter build submenu | 29 | |
| Enter hero's abilities submenu | 9 | |
| Right click | 1152 | |
| Select / deselect | 422 | |
| Select group hotkey | 410 | |
| Use ability | 103 | |
2412 total
» units
| Acolyte | 32 | |
| Ghoul | 27 | |
| Goblin Shredder | 1 | |
| Crypt Fiend | 4 | |
| Gargoyle | 6 | |
70 total
» upgrades
| Cannibalize | 1 | |
| Unholy Strength | 3 | |
| Unholy Armor | 3 | |
| Ghoul Frenzy | 1 | |
| Creature Attack | 2 | |
| Creature Carapace | 1 | |
| Web | 1 | |
| Burrow | 1 | |
13 total
» buildings
| Crypt | 3 | |
| Ziggurat | 12 | |
| Altar of Darkness | 1 | |
| Graveyard | 1 | |
| Halls of the Dead | 1 | |
| Tomb of Relics | 1 | |
| Black Citadel | 1 | |
| Spirit Tower | 5 | |
| Nerubian Tower | 4 | |
29 total
» build order
00:07 Crypt
00:09 Ziggurat
00:50 Altar of Darkness
00:58 Ziggurat
01:48 Ziggurat
04:44 Ziggurat
05:20 Graveyard
05:34 Halls of the Dead
06:23 Crypt
06:25 Crypt
06:26 Ziggurat
06:31 Tomb of Relics
07:08 Ziggurat
08:02 Black Citadel
09:11 Ziggurat
14:11 Ziggurat
14:32 Spirit Tower
14:45 Spirit Tower
14:45 Spirit Tower
15:16 Spirit Tower
15:16 Spirit Tower
16:15 Nerubian Tower
20:16 Ziggurat
20:54 Ziggurat
20:55 Ziggurat
21:07 Nerubian Tower
21:16 Ziggurat
21:49 Nerubian Tower
22:11 Nerubian Tower
» items
| Boots of Speed | 1 | |
| Circlet of Nobility | 1 | |
| Orb of Corruption | 1 | |
| Scroll of Town Portal | 1 | |
4 total
GERALT-OF_RIVIA (
purple | 60 APM | 1912 actions | 31:49)
5 Blademaster
3 Wind Walk
2 Critical Strike
» actions
| Assign group hotkey | 111 | |
| Basic commands | 89 | |
| Build / train | 66 | |
| Enter build submenu | 37 | |
| Enter hero's abilities submenu | 5 | |
| Give item / drop item | 3 | |
| Remove unit from queue | 2 | |
| Right click | 795 | |
| Select / deselect | 329 | |
| Select group hotkey | 355 | |
| Use ability | 120 | |
1912 total
» units
| Peon | 10 | |
| Goblin Shredder | 2 | |
| Troll Batrider | 5 | |
| Goblin Sapper | 10 | |
| Wind Rider | 4 | |
31 total
» upgrades
| Ranged Weapons | 2 | |
| Reinforced Defenses | 1 | |
| Liquid Fire | 1 | |
| Armor | 2 | |
| Envenomed Spears | 1 | |
| Ensnare | 1 | |
8 total
» buildings
| Altar of Storms | 1 | |
| Orc Burrow | 5 | |
| War Mill | 1 | |
| Voodoo Lounge | 1 | |
| Watch Tower | 30 | |
| Stronghold | 2 | |
| Great Hall | 1 | |
| Fortress | 1 | |
| Beastiary | 4 | |
46 total
» build order
00:06 Altar of Storms
00:17 Orc Burrow
00:39 War Mill
01:08 Voodoo Lounge
01:56 Watch Tower
02:13 Watch Tower
02:36 Watch Tower
03:01 Orc Burrow
03:31 Stronghold
03:31 Stronghold
03:46 Watch Tower
04:16 Watch Tower
05:37 Great Hall
05:40 Watch Tower
06:04 Watch Tower
06:24 Watch Tower
06:43 Watch Tower
06:43 Watch Tower
07:09 Fortress
07:30 Beastiary
07:44 Beastiary
07:56 Watch Tower
08:40 Watch Tower
08:52 Beastiary
09:29 Watch Tower
09:29 Watch Tower
10:10 Orc Burrow
12:01 Orc Burrow
12:06 Watch Tower
13:13 Watch Tower
13:16 Watch Tower
18:09 Orc Burrow
18:19 Watch Tower
18:20 Watch Tower
18:20 Watch Tower
18:21 Watch Tower
18:23 Watch Tower
18:27 Watch Tower
18:56 Watch Tower
19:07 Beastiary
19:31 Watch Tower
19:31 Watch Tower
20:32 Watch Tower
20:33 Watch Tower
20:36 Watch Tower
22:57 Watch Tower
» items
| Healing Salve | 3 | |
| Staff of Teleportation | 1 | |
| Boots of Speed | 1 | |
| Potion of Invisibility | 1 | |
| Lesser Clarity Potion | 1 | |
| Potion of Mana | 1 | |
| Tiny Great Hall | 2 | |
| Orb of Lightning | 1 | |
| Scroll of Town Portal | 1 | |
| Potion of Lesser Invulnerability | 1 | |
13 total
2142415 (
teal | 99 APM | 3160 actions | 31:49)
4 Blademaster
2 Wind Walk
2 Critical Strike
3 Shadow Hunter
2 Hex
1 Healing Wave
» actions
| Assign group hotkey | 74 | |
| Basic commands | 60 | |
| Build / train | 149 | |
| ESC pressed | 3 | |
| Enter build submenu | 44 | |
| Enter hero's abilities submenu | 7 | |
| Give item / drop item | 31 | |
| Right click | 1095 | |
| Select / deselect | 447 | |
| Select group hotkey | 1039 | |
| Use ability | 210 | |
3160 total
» units
| Peon | 15 | |
| Grunt | 8 | |
| Kodo Beast | 3 | |
| Goblin Shredder | 5 | |
| Shaman | 2 | |
| Troll Headhunter/Berserker | 1 | |
| Goblin Sapper | 3 | |
| Goblin Zeppelin | 2 | |
| Wind Rider | 2 | |
41 total
» upgrades
| Berserker Strength | 1 | |
| Pillage | 1 | |
| Armor | 3 | |
| Melee Weapons | 3 | |
| Ensnare | 1 | |
| Envenomed Spears | 2 | |
| War Drums Damage Increase | 1 | |
| Reinforced Defenses | 1 | |
| Berserker Upgrade | 1 | |
| Ranged Weapons | 3 | |
| Shaman Training | 2 | |
| Witch Doctor Training | 2 | |
| Troll Regeneration | 1 | |
| Liquid Fire | 1 | |
| Spiked Barricades | 3 | |
| Spirit Walker Training | 2 | |
28 total
» buildings
| Orc Burrow | 7 | |
| Altar of Storms | 1 | |
| Barracks | 2 | |
| Voodoo Lounge | 1 | |
| Stronghold | 4 | |
| Great Hall | 1 | |
| War Mill | 2 | |
| Watch Tower | 16 | |
| Beastiary | 4 | |
| Fortress | 4 | |
| Spirit Lodge | 2 | |
44 total
» build order
00:09 Orc Burrow
00:13 Orc Burrow
00:53 Altar of Storms
01:06 Barracks
01:41 Voodoo Lounge
04:19 Stronghold
04:19 Stronghold
04:19 Stronghold
05:17 Great Hall
05:36 War Mill
05:39 War Mill
05:44 Orc Burrow
06:50 Orc Burrow
07:09 Watch Tower
07:27 Beastiary
08:39 Watch Tower
08:42 Watch Tower
08:44 Fortress
08:44 Fortress
08:44 Fortress
09:54 Orc Burrow
10:54 Watch Tower
10:55 Watch Tower
10:58 Watch Tower
11:01 Watch Tower
11:33 Orc Burrow
12:39 Beastiary
12:41 Spirit Lodge
12:42 Spirit Lodge
12:46 Barracks
15:01 Beastiary
15:03 Beastiary
20:17 Watch Tower
20:18 Watch Tower
20:21 Watch Tower
20:22 Watch Tower
20:23 Watch Tower
21:31 Orc Burrow
23:19 Watch Tower
23:20 Watch Tower
23:22 Watch Tower
23:22 Watch Tower
» items
| Healing Salve | 9 | |
| Lesser Clarity Potion | 3 | |
| Orb of Lightning | 2 | |
| Pendant of Energy | 5 | |
| Boots of Speed | 2 | |
| Staff of Teleportation | 4 | |
| Periapt of Vitality | 1 | |
| Gloves of Haste | 1 | |
| Scroll of Town Portal | 3 | |
| Potion of Mana | 1 | |
| Claws of Attack +9 | 3 | |
| Tiny Great Hall | 2 | |
| Potion of Lesser Invulnerability | 1 | |
37 total
team 2 (loser)

»
mulhaminator54 (
green | 40 APM | 924 actions | 23:15)
4 Crypt Lord
2 Carrion Beetles
1 Impale
1 Spiked Carapace
2 Death Knight
1 Death Coil
1 Unholy Aura
» actions
| Assign group hotkey | 4 | |
| Basic commands | 2 | |
| Build / train | 41 | |
| Enter build submenu | 31 | |
| Enter hero's abilities submenu | 6 | |
| Right click | 497 | |
| Select / deselect | 246 | |
| Select group hotkey | 48 | |
| Use ability | 49 | |
924 total
» units
| Acolyte | 18 | |
| Ghoul | 5 | |
| Crypt Fiend | 2 | |
| Frost Wyrm | 2 | |
27 total
» buildings
| Altar of Darkness | 1 | |
| Ziggurat | 12 | |
| Graveyard | 1 | |
| Crypt | 1 | |
| Nerubian Tower | 1 | |
| Spirit Tower | 3 | |
| Halls of the Dead | 1 | |
| Black Citadel | 1 | |
| Sacrificial Pit | 2 | |
| Boneyard | 4 | |
| Necropolis | 2 | |
29 total
» build order
00:13 Altar of Darkness
00:19 Ziggurat
00:43 Graveyard
01:04 Crypt
01:32 Ziggurat
02:26 Nerubian Tower
02:28 Spirit Tower
03:34 Halls of the Dead
04:16 Ziggurat
05:25 Spirit Tower
07:07 Ziggurat
07:10 Ziggurat
07:12 Ziggurat
08:48 Black Citadel
08:51 Ziggurat
09:16 Sacrificial Pit
09:48 Spirit Tower
09:59 Sacrificial Pit
11:16 Boneyard
11:19 Boneyard
11:26 Boneyard
11:47 Boneyard
12:10 Ziggurat
13:07 Necropolis
17:54 Necropolis
19:05 Ziggurat
19:07 Ziggurat
19:11 Ziggurat
19:14 Ziggurat
SLeePz (
orange | 131 APM | 2229 actions | 17:02)
4 Death Knight
2 Death Coil
2 Unholy Aura
3 Lich
1 Frost Armor
2 Frost Nova
» actions
| Assign group hotkey | 39 | |
| Basic commands | 121 | |
| Build / train | 75 | |
| Enter build submenu | 15 | |
| Enter hero's abilities submenu | 7 | |
| Give item / drop item | 4 | |
| Remove unit from queue | 1 | |
| Right click | 1158 | |
| Select / deselect | 250 | |
| Select group hotkey | 509 | |
| Use ability | 50 | |
2229 total
» units
| Acolyte | 3 | |
| Ghoul | 6 | |
| Crypt Fiend | 8 | |
| Obsidian Statue | 2 | |
| Gargoyle | 1 | |
| Abomination | 2 | |
| Frost Wyrm | 2 | |
24 total
» upgrades
| Web | 1 | |
| Creature Attack | 2 | |
| Creature Carapace | 2 | |
5 total
» buildings
| Graveyard | 1 | |
| Crypt | 2 | |
| Altar of Darkness | 1 | |
| Ziggurat | 6 | |
| Tomb of Relics | 1 | |
| Nerubian Tower | 3 | |
| Halls of the Dead | 5 | |
| Slaughterhouse | 1 | |
| Black Citadel | 4 | |
| Sacrificial Pit | 1 | |
| Boneyard | 1 | |
| Spirit Tower | 6 | |
32 total
» build order
00:11 Graveyard
00:14 Crypt
00:44 Altar of Darkness
01:07 Ziggurat
01:28 Ziggurat
01:42 Tomb of Relics
02:00 Nerubian Tower
02:00 Nerubian Tower
02:00 Nerubian Tower
03:31 Halls of the Dead
03:31 Halls of the Dead
03:31 Halls of the Dead
05:00 Ziggurat
06:08 Slaughterhouse
06:47 Black Citadel
06:47 Black Citadel
08:51 Ziggurat
11:08 Crypt
11:09 Sacrificial Pit
11:23 Ziggurat
11:31 Ziggurat
12:27 Boneyard
13:55 Spirit Tower
13:55 Spirit Tower
13:55 Spirit Tower
14:07 Spirit Tower
» items
| Rod of Necromancy | 3 | |
| Circlet of Nobility | 1 | |
| Boots of Speed | 1 | |
| Potion of Healing | 1 | |
| Orb of Corruption | 1 | |
7 total
Peach_overalls (
yellow | 58 APM | 1356 actions | 23:22)
4 Death Knight
2 Death Coil
2 Unholy Aura
» actions
| Assign group hotkey | 43 | |
| Basic commands | 61 | |
| Build / train | 57 | |
| Enter build submenu | 19 | |
| Enter hero's abilities submenu | 4 | |
| Give item / drop item | 3 | |
| Remove unit from queue | 2 | |
| Right click | 596 | |
| Select / deselect | 260 | |
| Select group hotkey | 275 | |
| Use ability | 36 | |
1356 total
» units
| Acolyte | 5 | |
| Ghoul | 16 | |
| Crypt Fiend | 11 | |
| Goblin Shredder | 1 | |
33 total
» upgrades
| Creature Attack | 2 | |
| Creature Carapace | 3 | |
| Web | 1 | |
6 total
» buildings
| Ziggurat | 11 | |
| Crypt | 2 | |
| Altar of Darkness | 1 | |
| Graveyard | 1 | |
| Halls of the Dead | 1 | |
| Spirit Tower | 1 | |
17 total
» build order
00:07 Ziggurat
00:09 Crypt
00:37 Altar of Darkness
00:57 Ziggurat
01:44 Graveyard
02:31 Ziggurat
04:03 Ziggurat
04:06 Ziggurat
05:01 Halls of the Dead
05:49 Ziggurat
07:15 Crypt
09:21 Ziggurat
18:52 Ziggurat
18:53 Ziggurat
21:16 Ziggurat
22:31 Ziggurat
23:10 Spirit Tower
» items
| Claws of Attack +6 | 1 | |
| Replenishment Potion | 1 | |
| Periapt of Vitality | 1 | |
| Circlet of Nobility | 1 | |
| Scroll of Town Portal | 1 | |
5 total
8===D~~^0^urmom (
blue | 51 APM | 1630 actions | 31:49)
7 Blademaster
3 Wind Walk
3 Critical Strike
1 Bladestorm
2 Death Knight
2 Death Coil
» actions
| Assign group hotkey | 55 | |
| Basic commands | 43 | |
| Build / train | 76 | |
| Enter build submenu | 65 | |
| Enter hero's abilities submenu | 9 | |
| Give item / drop item | 3 | |
| Right click | 743 | |
| Select / deselect | 312 | |
| Select group hotkey | 179 | |
| Use ability | 144 | |
1630 total
» units
| Peon | 12 | |
| Grunt | 8 | |
| Goblin Shredder | 2 | |
| Goblin Zeppelin | 2 | |
| Goblin Sapper | 8 | |
| Acolyte | 4 | |
36 total
» upgrades
| Reinforced Defenses | 1 | |
| Ranged Weapons | 3 | |
| Armor | 3 | |
| Liquid Fire | 1 | |
| Envenomed Spears | 1 | |
| Ensnare | 1 | |
| Pillage | 1 | |
| Melee Weapons | 1 | |
12 total
» buildings
| Orc Burrow | 5 | |
| Altar of Storms | 1 | |
| Barracks | 1 | |
| Voodoo Lounge | 3 | |
| Stronghold | 3 | |
| War Mill | 2 | |
| Great Hall | 3 | |
| Fortress | 1 | |
| Watch Tower | 42 | |
| Beastiary | 5 | |
66 total
» build order
00:15 Orc Burrow
01:05 Altar of Storms
01:08 Barracks
01:12 Orc Burrow
01:39 Voodoo Lounge
02:51 Stronghold
02:51 Stronghold
02:51 Stronghold
03:58 Orc Burrow
04:07 War Mill
04:41 Great Hall
06:34 Fortress
07:23 Watch Tower
07:23 Watch Tower
07:24 Watch Tower
07:24 Watch Tower
07:32 Watch Tower
07:32 Watch Tower
07:33 Watch Tower
09:15 Watch Tower
09:16 Watch Tower
09:16 Watch Tower
09:18 Watch Tower
09:19 Watch Tower
10:14 Orc Burrow
10:22 Orc Burrow
11:27 Watch Tower
11:29 Watch Tower
11:31 Watch Tower
12:24 Great Hall
13:12 Watch Tower
13:12 Watch Tower
13:13 Watch Tower
13:13 Watch Tower
14:12 War Mill
14:16 Voodoo Lounge
14:36 Watch Tower
14:37 Watch Tower
14:41 Watch Tower
14:43 Watch Tower
14:44 Watch Tower
14:44 Watch Tower
15:55 Watch Tower
15:59 Watch Tower
16:01 Watch Tower
16:03 Watch Tower
16:05 Watch Tower
16:36 Watch Tower
16:36 Watch Tower
16:37 Watch Tower
17:36 Watch Tower
17:38 Watch Tower
17:40 Watch Tower
17:42 Watch Tower
17:45 Watch Tower
18:01 Beastiary
18:03 Beastiary
18:05 Beastiary
18:12 Beastiary
19:50 Voodoo Lounge
19:59 Watch Tower
20:02 Watch Tower
20:05 Watch Tower
20:07 Watch Tower
20:19 Beastiary
29:55 Great Hall
» items
| Healing Salve | 3 | |
| Boots of Speed | 1 | |
| Orb of Lightning | 1 | |
| Potion of Mana | 2 | |
| Lesser Clarity Potion | 2 | |
| Potion of Healing | 3 | |
| Scroll of Town Portal | 1 | |
13 total
Chat log
(00:11 / All) GERALT-OF_RIVIA: 2 fiendbots how gay
(00:35 / Allies) mulhaminator54: we should mass rush fiends
(00:45 / Allies) Peach_overalls: down
(00:54 / Allies) SLeePz: and lose bc people dont know what a rush is
(00:55 / Allies) 8===D~~^0^urmom: I'm creeping and defending homeland
(01:03 / Allies) SLeePz: yeah lets rush!!!! *gets t3*
(01:06 / Allies) Peach_overalls: cc it is
(01:15 / Allies) mulhaminator54: rush is an easy win but ok
(01:39 / All) GERALT-OF_RIVIA: but her emails!!!!!!!!!!
(01:55 / All) 8===D~~^0^urmom: forced shariablue meme
(02:55 / All) 8===D~~^0^urmom: fave gorillaz song?
(03:07 / All) GERALT-OF_RIVIA: never heardd
(03:11 / All) GERALT-OF_RIVIA: heard of pour some sugar on me
(03:20 / All) 8===D~~^0^urmom: mine is dare
(03:29 / All) 8===D~~^0^urmom: dunno how you never heard of gorillaz
(03:43 / All) 8===D~~^0^urmom: crazy popular even middle schoolers love em
(03:49 / All) 8===D~~^0^urmom: for like 2 decades
(05:48 / Allies) 8===D~~^0^urmom: why would you creep that one orange?
(05:51 / Allies) 8===D~~^0^urmom: fucking mongoloid
(06:00 / Allies) SLeePz: you can suck a dick bitch
(06:14 / Allies) 8===D~~^0^urmom: smart teammate
(06:26 / Allies) 8===D~~^0^urmom: look how far my shreddar has to walk now
(06:33 / Allies) SLeePz: i could give a fuck
(06:36 / Allies) 8===D~~^0^urmom: CLEARLY
(06:37 / Allies) SLeePz: truly
(07:47 / Allies) SLeePz: we can clear
(09:48 / Allies) SLeePz: coming
(12:55 / Allies) SLeePz: repair
(13:07 / Allies) 8===D~~^0^urmom: you saw me making a hall there
(13:26 / Allies) Peach_overalls: tf am i supposed to xpo
(14:06 / Allies) Peach_overalls: siq
(14:34 / All) 2142415: Damn your team sucks
(14:38 / All) SLeePz: they really do
(16:03 / Allies) mulhaminator54: can we do something
(16:59 / Allies) SLeePz: see ya faggots
(17:31 / Allies) mulhaminator54: blue u fuckin suck man
(17:35 / Allies) mulhaminator54: no units all game
(17:42 / Allies) mulhaminator54: 4k gold
(17:56 / Allies) 8===D~~^0^urmom: and
(18:07 / Allies) 8===D~~^0^urmom: hook me up with wood
(18:08 / Allies) mulhaminator54: thats it
(18:23 / Allies) Peach_overalls: hook yourself up with a noose
(18:24 / Allies) mulhaminator54: yellow
(18:26 / Allies) mulhaminator54: control oj
(18:27 / Allies) 8===D~~^0^urmom: lawl
(18:28 / Allies) mulhaminator54: LOL
(18:29 / Allies) 8===D~~^0^urmom: very rude
(18:31 / Allies) Peach_overalls: lol
(18:36 / Allies) Peach_overalls: sorry
(18:40 / Allies) mulhaminator54: LMSO
(19:42 / All) 8===D~~^0^urmom: aWWWWW
(19:45 / All) 8===D~~^0^urmom: lmao
(19:54 / All) 8===D~~^0^urmom: waste of bladestorm
(20:56 / Allies) 8===D~~^0^urmom: ;et's gangbang him
(21:08 / Allies) Peach_overalls: tenticle style
(21:25 / Allies) mulhaminator54: tp
(22:02 / Allies) mulhaminator54: blue wtf man
(22:04 / Allies) mulhaminator54: get units
(22:06 / Allies) mulhaminator54: u have 7 k
(22:12 / Allies) mulhaminator54: we could atually win this game
(22:43 / All) 8===D~~^0^urmom: just happened to walk by huh
(22:50 / All) 8===D~~^0^urmom: just happened to turn other direction huh
(23:29 / All) GERALT-OF_RIVIA: they left
(23:33 / All) GERALT-OF_RIVIA: when they won the battle
(26:45 / All) 8===D~~^0^urmom: run boy
(26:46 / All) 8===D~~^0^urmom: RUN
(27:05 / All) GERALT-OF_RIVIA: y did ur stupid team leave
(27:12 / All) 8===D~~^0^urmom: I have lots of gold
(27:13 / All) 8===D~~^0^urmom: basically
(27:20 / All) 2142415: I have insane heroes with nothing to use them on
(27:35 / All) 2142415: 2 pendants on my bm and sh
(27:38 / All) GERALT-OF_RIVIA: red tked my sappers
(27:40 / All) GERALT-OF_RIVIA: not sure y
(27:52 / All) 8===D~~^0^urmom: tk him whereever he tped lawl
(27:53 / All) Moo: probably because you were blowing up my base with them
(28:03 / All) 8===D~~^0^urmom: but you couldn't have known that
(28:10 / All) 8===D~~^0^urmom: you gave him cassus belli to destroy you!
(28:16 / All) GERALT-OF_RIVIA: pink is hitting my sappers now
(29:10 / All) Moo: bad game
(29:12 / All) Moo: grow up
(29:15 / All) GERALT-OF_RIVIA: lawl
(29:17 / All) 8===D~~^0^urmom: lol
(29:37 / All) GERALT-OF_RIVIA: i never had to use one unit this game
(29:45 / All) 8===D~~^0^urmom: I never got any lawl
(30:17 / All) The-Harbinger7: i dont know what i expect when i play this game
(30:30 / All) GERALT-OF_RIVIA: luv tap time
(30:36 / All) The-Harbinger7: always epic faggotry
(30:43 / All) 8===D~~^0^urmom: lawl
(30:45 / All) 8===D~~^0^urmom: u sucked
(30:57 / All) 2142415: "epic faggotry" lol
(31:13 / All) 8===D~~^0^urmom: stats
(31:15 / All) 2142415: I say your team lose,s 3 fiendbots, 3 legit
(31:22 / All) 2142415: pink 146-140
(31:26 / All) 2142415: red 4-4
(31:36 / All) 8===D~~^0^urmom: my team lose unless there's like 5-0 guy or something
(31:41 / All) 8===D~~^0^urmom: mulham is on my beef list